 Dungeon Crawl Stone Soup version 0.24.1-5-g77f818bfca (webtiles) character file.

Game seed: 8527736638549775599, levelgen mode: deterministic

592 Descartes the Ducker (level 7, 0/33 HPs)
             Began as a Felid Monk on Apr 22, 2020.
             Slain by an orc warrior
             ... wielding a +0 long sword
              (12 damage)
             ... on level 6 of the Dungeon on Apr 23, 2020.
             The game lasted 00:14:32 (7019 turns).

Descartes the Ducker (Felid Monk)                   Turns: 7019, Time: 00:14:33

Health: 0/33       AC:  2    Str:  4    XL:     7   Next: 16%
Magic:  17/17      EV: 22    Int: 12    God:
Gold:   274        SH:  0    Dex: 18    Spells: 6/6 levels left
                                        Lives:  0   Deaths: 2

rFire    + + .     SeeInvis +     - Unarmed
rCold    . . .     Gourm    .   (shield unavailable)
rNeg     . . .     Faith    .   (armour unavailable)
rPois    +         Spirit   .   (helmet unavailable)
rElec    .         Reflect  .   (cloak unavailable)
rCorr    .         Harm     .   (gloves unavailable)
MR       .....                  (boots unavailable)
Stlth    +++++.....             (no amulet)
HPRegen  0.11/turn              j - ring of stealth
MPRegen  0.15/turn              t - ring "Usedism" {rPois rF++ MR- MP+9 Str-5}

@: quick
A: very small, no armour, no weapons or thrown items, stealth, claws 1, fangs 3,
see invisible, carnivore, speed 1, shaggy fur 2, slow metabolism 1, sharp paws
a: no special abilities


You were on level 6 of the Dungeon.
You were very full.

You visited 1 branch of the dungeon, and saw 6 of its levels.

You collected 274 gold pieces.

Inventory:

Jewellery
 e - an uncursed ring of ice
 j - a ring of stealth (left paw)
 r - a +3 ring of protection {unknown}
 t - the ring "Usedism" (right paw) {rPois rF++ MR- MP+9 Str-5}
   (You found it on level 5 of the Dungeon)

   [ring of magical power]

   It affects your strength (-5).
   It greatly protects you from fire.
   It protects you from poison.
   It affects your resistance to hostile enchantments.
   It affects your magic capacity (+9).
Wands
 l - a wand of acid (8)
Scrolls
 d - a scroll of magic mapping {unknown}
 g - a scroll of noise {unknown}
 h - 5 scrolls of remove curse
 k - 3 scrolls of teleportation {unknown}
 m - 3 scrolls of fog {unknown}
 n - 4 scrolls of fear {unknown}
 o - a scroll of enchant weapon {unknown}
 p - 2 scrolls of immolation {unknown}
Potions
 b - 2 potions of curing
 c - 3 potions of heal wounds
 f - a potion of invisibility {unknown}
 i - a potion of magic
 q - 2 potions of lignification {unknown}
 s - a potion of haste
 u - a potion of might
 v - a potion of agility
 w - a potion of resistance
Comestibles
 a - 11 rations


   Skills:
 + Level 4.9 Fighting
 + Level 6.7 Dodging
 + Level 6.3 Stealth
 * Level 6.3 Unarmed Combat


You had 6 spell levels left.
You didn't know any spells.
Your spell library was empty.

Dungeon Overview and Level Annotations

Branches:
Dungeon (6/15)
 Temple: D:4-7

Altars:
Cheibriados
Elyvilon
Hepliaklqana
Okawaru
Qazlal
Uskayaw
Vehumet
Wu Jian
Zin
The Shining One
Beogh

Annotations:
D:2 1 runed translucent door, Crazy Yiuf
D:6 3 runed translucent doors, brucemayne's ghost, novice HOMo


Innate Abilities, Weirdness & Mutations

You cannot wear armour.
You are incapable of wielding weapons or throwing items.
Your paws allow you to move quietly. (Stealth)
You have sharp claws.
You have razor-sharp teeth.
You have supernaturally acute eyesight. (SInv)
You are carnivorous and can eat meat at any time.
You cover ground quickly.
You are covered in thick fur. (AC +2)
You have a slow metabolism.
Your sharp claws are effective at attacking unaware monsters.


Message History

The orc warrior closely misses you.
You scratch the orc warrior but do no damage.
The orc warrior closely misses you.
You barely miss the orc warrior.
You scratch the orc warrior but do no damage.
The orc warrior barely misses you.
You closely miss the orc warrior.
The orc warrior hits you with a +0 long sword!
You closely miss the orc warrior. You scratch the orc warrior.
You bite the orc warrior, but do no damage.
The orc warrior is lightly wounded.
The orc warrior completely misses you.
You scratch the orc warrior.
The orc warrior is lightly wounded.
The orc warrior hits you with a +0 long sword.
You closely miss the orc warrior.
The orc warrior is lightly wounded.
The orc warrior hits you with a +0 long sword!
You die...

####.##########.#.### #######..
#>..........###..#####........
####.#######..## ##.......#.###..
...........#...###..#####...###..
####.#####....#.#.#....##........
####.# ###..†#.#).##.##.#######
.....# #..#.#.#.##.##.# # ####[#
#........##.##.# # ####.#
#.###@#####.##.# # # .°#..#
#.###o#############8## ..#.##
#...ooo....# ....#... ....#
#####..##### .##..#.## ..### #..#
..8#..#.# .○# #######..#
..##..#.# ### .........#
....#o#.# #.#
######...#####[..o#.+.## ..#
#.....o....#_.8o#.+...


You could see an orc warrior, an orc wizard and 2 orcs.

Vanquished Creatures
  An ice beast (D:5)
  A phantom (D:4)
  An ogre (D:4)
  A wyvern skeleton (D:6)
  A scorpion (D:6)
  2 hounds (D:4)
  3 bullfrog skeletons
  3 orc wizards
  An iguana (D:4)
  A centaur skeleton (D:4)
  5 worker ants
  Robin (D:2)
  3 adders
  A shadow imp (D:6)
  An ooze (D:4)
  A worm (D:4)
  3 dart slugs
  2 leopard geckos (D:4)
  9 orcs
  9 bats
  3 giant cockroaches
  5 hobgoblins
  9 jackals
  3 quokkas
  2 ball pythons
  4 frilled lizards
  15 goblins
  A jackal zombie (D:6)
  4 kobolds
  6 rats
102 creatures vanquished.

Notes
Turn   | Place    | Note
-------+----------+-------------------------------------------
     0 | D:1      | Descartes the Felid Monk began the quest for the Orb.
     0 | D:1      | Reached XP level 1. HP: 10/10 MP: 2/2
   240 | D:1      | Reached XP level 2. HP: 12/14 MP: 3/3
   830 | D:2      | Found a runed translucent door.
   831 | D:2      | Noticed Crazy Yiuf
  1130 | D:2      | Found a hazy altar of Hepliaklqana.
  1303 | D:2      | Reached XP level 3. HP: 17/17 MP: 4/4
  1607 | D:2      | Noticed Robin
  2407 | D:2      | Killed Robin
  2899 | D:3      | Reached XP level 4. HP: 21/21 MP: 5/5
  3645 | D:3      | Killed from afar by an orc wizard
  3646 | D:3      | Reached XP level 3. HP: 0/17 MP: 4/4
  3654 | D:3      | Reached skill level 5 in Dodging
  3654 | D:3      | Reached XP level 4. HP: 17/21 MP: 5/5
  3897 | D:3      | Found a glowing golden altar of the Shining One.
  3897 | D:3      | Found a white marble altar of Elyvilon.
  3897 | D:3      | Found a glowing silver altar of Zin.
  4047 | D:4      | Noticed a phantom
  4099 | D:4      | Killed a phantom
  4099 | D:4      | Reached XP level 5. HP: 14/25 MP: 6/6
  4512 | D:4      | Found an ornate altar of the Wu Jian Council.
  4524 | D:4      | Reached skill level 5 in Unarmed Combat
  4604 | D:4      | Gained mutation: You are covered in thick fur. (AC +2)
                  | [Felid growth]
  4604 | D:4      | Reached XP level 6. HP: 28/28 MP: 7/7
  4669 | D:4      | HP: 1/28 [poisoned by a worker ant]
  4896 | D:4      | Reached skill level 5 in Stealth
  5556 | D:4      | Reached XP level 7. HP: 22/33 MP: 8/8
  5707 | D:5      | Entered Level 5 of the Dungeon
  5788 | D:5      | Slain by an orc wizard
  5789 | D:5      | Reached XP level 6. HP: -2/29 MP: 7/7
  5874 | D:5      | Noticed an ice beast
  5901 | D:5      | Killed an ice beast
  6299 | D:5      | Got a transparent bronze ring
  6388 | D:6      | Found a stormy altar of Qazlal.
  6781 | D:6      | Reached XP level 7. HP: 33/33 MP: 8/8
  6782 | D:6      | Identified the ring "Usedism" {rPois rF++ MR- MP+9 Str-5}
                  | (You found it on level 5 of the Dungeon)
  6817 | D:6      | Found a runed translucent gate.
  6817 | D:6      | Found a runed translucent gate.
  6817 | D:6      | Found a runed translucent gate.
  6817 | D:6      | Identified the +2 flail of Disintegration {flame, MP-9
                  | Str+8 Dex+5}
  6817 | D:6      | Identified the +5 chain mail "Camne" {rF++}
  6818 | D:6      | Found a roughly hewn altar of Beogh.
  6819 | D:6      | Found the +2 cloak of the Thief {+Fog Slay-2 SInv Stlth+}
  6823 | D:6      | Noticed brucemayne's ghost (novice HOMo)
  6912 | D:6      | Found a snail-covered altar of Cheibriados.
  6916 | D:6      | Found a radiant altar of Vehumet.
  6916 | D:6      | Found an iron altar of Okawaru.
  6917 | D:6      | Found a hide-covered altar of Uskayaw.
  7019 | D:6      | Slain by an orc warrior

Levels and vault maps discovered:
D:1:      lemuel_arrival_river_ford, layout_loops_ring, roderic_filled_cross,
          minmay_misc_feat_tiny, minmay_fountain_box
D:2:      layout_basic, overflow_temple_1_default, uniq_crazy_yiuf_cottage,
          uniq_robin
D:3:      layout_rooms, good_gods_mini_temple
D:4:      minmay_general_purpose_star, layout_loops_cross, lemuel_crystal_altar,
          first_ration
D:5:      layout_cave_pools
D:6:      layout_loops_ring, minitemple, biasface_ghost_orc_armoury,
          grunt_qazlal_clouds

Skill      XL: |  1  2  3  4  5  6 |
---------------+-------------------+-----
Stealth        | 3 4 6 |  6.3
Unarmed Combat | 4 5 6 |  6.3
Dodging        | 5 6 |  6.7
Fighting       | 4 |  4.9

Action                   |  1- 3 |  4- 6 |  7- 9 || total
-------------------------+-------+-------+-------++-------
Melee: Unarmed           |   124 |   177 |    35 ||   336
       Bite              |     9 |    17 |     3 ||    29
       Punch             |     1 |     1 |     1 ||     3
  Use: Scroll            |       |     3 |     5 ||     8
       Potion            |       |     1 |       ||     1
 Stab: Sleeping          |     9 |    14 |     2 ||    25
  Eat: Chunk             |    11 |    16 |     1 ||    28
Armor: Skin              |    13 |     5 |     4 ||    22
Dodge: Dodged            |    96 |   132 |    22 ||   250
